 Dungeon Crawl Stone Soup version 0.29-a0-317-gd16b76e6b1 (webtiles) character file.

Game seed: 5363865777543661255

265 Dabor the Covered (level 6, 0/38 HPs)
             Began as a Gargoyle Fighter on Mar 30, 2022.
             Was an Initiate of Okawaru.
             Slain by nuaici's ghost (6 damage)
             ... on level 5 of the Dungeon.
             The game lasted 00:06:42 (4788 turns).

Dabor the Covered (Gargoyle Fighter)                Turns: 4788, Time: 00:06:42

Health: 0/38       AC: 15    Str: 18 (21) XL:     6   Next: 20%
Magic:  6/6        EV:  9    Int:  6 (9)  God:    Okawaru [......]
Gold:   315        SH:  4    Dex:  8 (9)  Spells: 5/5 levels left

rFire   . . .      SeeInvis .   a - +0 flail (flame)
rCold   . . .      Faith    .   c - +0 buckler
rNeg    + . .      Spirit   .   b - +1 scale mail
rPois   ∞          Reflect  .   (no helmet)
rElec   +          Harm     .   (no cloak)
rCorr   .          Rampage  .   (no gloves)
Will    .....                   F - +2 pair of boots
Stlth   ..........              (no amulet)
HPRegen 0.12/turn               (no ring)
MPRegen 0.10/turn               (no ring)

@: mighty, attractive, flying
A: sickness immunity, AC +4, negative energy resistance 1, electricity
resistance, torment resistance 1, petrification resistance
a: Renounce Religion


You were on level 5 of the Dungeon.
You worshipped Okawaru.
Okawaru was noncommittal.
You visited 2 branches of the dungeon, and saw 6 of its levels.

You collected 315 gold pieces.

Inventory:

Hand Weapons
 a - a +0 flail of flaming (weapon)
 l - a +1 whip of electrocution
 y - the +7 hunting sling "Teymausch" {freeze, rF+++ rC+ Int+3 Stlth-}
   (You found it on level 3 of the Dungeon)

   Any ammunition fired from it freezes those it strikes, dealing additional
   cold damage.
   It can also slow down cold-blooded creatures.
   Int:       It affects your intelligence (+3).
   rF:        It renders you almost immune to fire.
   rC:        It protects you from cold.
   Stlth:     It makes you less stealthy.
Missiles
 v - 4 curare-tipped darts (quivered)
 z - 2 throwing nets
Armour
 b - a +1 scale mail (worn)
 c - a +0 buckler (worn)
 F - a +2 pair of boots (worn)
Scrolls
 e - 2 scrolls of summoning
 f - 2 scrolls of fear
 g - 2 scrolls of vulnerability
 h - a scroll of torment
 i - a scroll of identify
 j - 2 scrolls of enchant weapon {unknown}
 k - 2 scrolls of amnesia {unknown}
 o - 2 scrolls of blinking {unknown}
 q - a scroll of fog {unknown}
 r - 4 scrolls of teleportation
 u - 3 scrolls of silence {unknown}
Potions
 p - a potion of brilliance
 w - 2 potions of degeneration
 x - a potion of attraction
 A - a potion of flight
 C - a potion of cancellation {unknown}
 D - 2 potions of resistance {unknown}
 E - 2 potions of haste {unknown}


   Skills:
 + Level 4.2 Fighting
 + Level 3.2 Maces & Flails
 + Level 1.5 Throwing
 + Level 4.4 Armour
 + Level 1.2 Dodging
 + Level 4.4 Shields


You had 5 spell levels left.
You didn't know any spells.
Your spell library contained the following spells:

 Spells                   Type           Power      Damage    Failure   Level
 Pain                     Necr           0%         1d4       89%         1
 Slow                     Hex            0%         N/A       89%         1
 Confusing Touch          Hex            0%         N/A       99%         3
 Conjure Flame            Conj/Fire      0%         6-21      99%         3
 Ignite Poison            Fire/Tmut/Pois 0%         N/A       99%         3
 Vampiric Draining        Necr           0%         2d6       99%         3
 Sticky Flame             Conj/Fire      0%         2d3       100%        4
 Animate Skeleton         Necr           Unusable   N/A       N/A         1

Dungeon Overview and Level Annotations

Branches:
Dungeon (5/15)             Temple (1/1) D:4

Altars:
Ashenzari
Cheibriados
Dithmenos
Fedhas
Gozag
Hepliaklqana
Kikubaaqudgha
Makhleb
Nemelex Xobeh
Okawaru
Qazlal
Sif Muna
Trog
Uskayaw
Wu Jian
Yredelemnul
The Shining One

Annotations:
D:5 nuaici's ghost, amateur FeBe


Innate Abilities, Weirdness & Mutations

You are immune to sickness and miasma.
Your stone body is resilient. (AC +4)
You are immune to poison.
You resist negative energy. (rN+)
You are resistant to electric shocks. (rElec)
You are resistant to unholy torment.
You are immune to petrification.


Message History

You are too injured to fight recklessly!
Okay, then.
Nuaici's ghost attacks as you move away!
Nuaici's ghost closely misses you.
Nuaici's ghost ripples.
The wyvern skeleton bites you but does no damage.
The wyvern skeleton attacks as you move away!
The wyvern skeleton closely misses you.
The wyvern skeleton bites you but does no damage.
You block the wyvern skeleton's attack.
You feel very mighty all of a sudden. Nuaici's ghost completely misses you.
You hit nuaici's ghost. You burn nuaici's ghost.
Nuaici's ghost is moderately damaged.
Nuaici's ghost barely misses you.
You barely miss nuaici's ghost.
Nuaici's ghost is moderately damaged.
Nuaici's ghost barely misses you.
Nuaici's ghost hits you but does no damage.
You closely miss nuaici's ghost.
Nuaici's ghost is moderately damaged.
Nuaici's ghost hits you!
* * * LOW HITPOINT WARNING * * *
You barely miss nuaici's ghost.
Nuaici's ghost is moderately damaged.
Nuaici's ghost closely misses you.
It was a potion of magic.
Magic courses through your body.
Nuaici's ghost hits you but does no damage.
It was a potion of attraction.
You feel attractive to monsters. Nuaici's ghost hits you.
* * * LOW HITPOINT WARNING * * *
It was a potion of degeneration.
There was something very wrong with that liquid.
You feel weakened.
You feel dopey.
You feel clumsy. You block nuaici's ghost's attack.
It was a potion of flight.
You feel very buoyant.
You fly up into the air.
Nuaici's ghost hits you.
You die...

.#.# #.##.##...##.# #.# .#.#
#>##.###.###.# #.###### .#.#
#.##.###.###.########.#..... .#.#
#.##......<..##............#
.#.###.####.....####.###.....##.#
.......# #.#.#.####.# ##....##.#
##.##### #.#........# ##.#.##..
...# #.###.###### #.#.#### ####
#.....@.# ########.####
#######W###.#.#.##.....
#ZZ.#.....####### #...'....##
#...'...$.# ##..'...$##
#..#.....# ###### ####.#.#.# ####
.....# ##########...


You could see nuaici's ghost, a bullfrog skeleton and a wyvern skeleton.

Vanquished Creatures
  3 hounds (D:5)
  An iguana (D:4)
  4 gnolls (D:5)
  4 adders
  An ufetubus (D:4)
  A dart slug (D:1)
  An orc (D:5)
  6 ball pythons
  6 bats
  6 endoplasms
  A giant cockroach (D:2)
  8 goblins
  6 hobgoblins
  2 jackals (D:2)
  7 kobolds
  2 quokkas
  3 frilled lizards
  7 rats
69 creatures vanquished.

Notes
Turn   | Place    | Note
-------+----------+-------------------------------------------
     0 | D:1      | Dabor the Gargoyle Fighter began the quest for the Orb.
     0 | D:1      | Reached XP level 1. HP: 14/14 MP: 1/1
   115 | D:1      | Found a faded altar of an unknown god.
   289 | D:1      | Reached XP level 2. HP: 13/19 MP: 2/2
   742 | D:1      | Prayed at the altar of an unknown god.
   742 | D:1      | Became a worshipper of Dithmenos the Shadowed
   742 | D:1      | Reached * piety under Dithmenos
  1019 | D:2      | Reached XP level 3. HP: 20/23 MP: 3/3
  1073 | D:2      | Found a basalt altar of Yredelemnul.
  2097 | D:3      | Identified the +7 hunting sling "Teymausch" {freeze, rF+++
                  | rC+ Int+3 Stlth-}
  2318 | D:3      | Reached XP level 4. HP: 29/29 MP: 4/4
  2331 | D:3      | Reached ** piety under Dithmenos
  2980 | D:4      | Reached XP level 5. HP: 33/33 MP: 5/5
  3051 | D:4      | Reached skill level 1 in Throwing
  3176 | D:4      | Found a staircase to the Ecumenical Temple.
  3482 | Temple   | Entered the Ecumenical Temple
  3576 | Temple   | Fell from the grace of Dithmenos
  3576 | Temple   | Became a worshipper of Warmaster Okawaru
  3663 | D:5      | Entered Level 5 of the Dungeon
  3997 | D:5      | Reached skill level 1 in Dodging
  4009 | D:5      | Reached XP level 6. HP: 22/38 MP: 6/6
  4485 | D:5      | Found a runed translucent gate.
  4485 | D:5      | Found a runed translucent gate.
  4486 | D:5      | Found a runed translucent gate.
  4491 | D:5      | Noticed nuaici's ghost (amateur FeBe)
  4577 | D:5      | Noticed a troll
  4577 | D:5      | Noticed an orc warrior
  4788 | D:5      | Slain by nuaici's ghost

Illustrated notes

Levels and vault maps discovered:
D:1:      dpeg_arrival_arbitrary_c, layout_loops_ring,
          hellmonk_ecumenical_altar_inner_sanctum, st_stairs_10,
          minmay_misc_feat_chi, minmay_stone_trees_small, minmay_tromino_v2
D:2:      layout_rooms, basic_altar, grunt_ministairs_13
D:3:      layout_basic, minmay_increasing_density
D:4:      layout_loops_ring, temple_doors_e
D:5:      layout_loops_corners, gammafunk_ghost_necromancy
Temple:   minmay_temple_bridge_d

Skill      XL: |  1  2  3  4  5 |
---------------+----------------+-----
Shields        | 4 |  4.4
Armour         | 4 |  4.4
Fighting       | 4 |  4.2
Throwing       | 1 |  1.5
Maces & Flails | 3 |  3.2
Dodging        | 1 |  1.2

Action                   |  1- 3 |  4- 6 || total
-------------------------+-------+-------++-------
Melee: Flail             |   117 |    11 ||   128
 Fire: Hunting sling     |    26 |    98 ||   124
  Use: Scroll            |       |     9 ||     9
       Potion            |       |     9 ||     9
Armor: Scale mail        |    84 |    63 ||   147
Dodge: Dodged            |    87 |    65 ||   152
Block: Buckler           |    27 |    25 ||    52

Table legend: (Time is in decaauts)
 A = Elapsed time spent in this place.
 B = Non-inter-level travel time spent in this place.
 C = Inter-level travel time spent in this place.
 D = Time resting spent in this place.
 E = Time spent auto-exploring this place.
 F = Levels seen in this place.
 G = Mean time per level.
                   A        B        C        D        E       F      G
               +--------+--------+--------+--------+--------+-----+--------+
         Total |   4912 |   4529 |    383 |      0 |   3801 |   6 |  818.7 |
       Dungeon |   4746 |   4457 |    289 |      0 |   3739 |   5 |  949.2 |
        Temple |    165 |     71 |     94 |      0 |     62 |   1 |  165.0 |
               +--------+--------+--------+--------+--------+-----+--------+

Top non-repeatable levels by time:
     D:5: 1161 daAuts
     D:3: 1135 daAuts
     D:1: 1015 daAuts
     D:4: 836 daAuts
     D:2: 598 daAuts
  Temple: 165 daAuts
